AoeStats
← Lex

Arabia

505851231Analyzed
1v1 RM · 21d ago on Sep 11, 2026· 58m 8s· 2 players
Game mode
Random Map
Map size
Tiny (2 player)
Population
200
Speed
Normal
Resources
Standard
Victory
Conquest
Starting age
Dark Age
Ending age
Imperial Age
RankedLock teamsTeams togetherTeam positionsShared explorationLock speedFull tech treeHidden civsTurbo modeCheats
Victory
Defeat
🇪🇪 Magyars · Estonia
582
+14
🇫🇷 Maya · France
538
-14
Lex
0:38 Loom
10:18 Feudal Age
10:54 Double-Bit Axe
12:12 Horse Collar
21:19 Castle Age
19:43 Stone Mining
19:54 Gold Mining
21:05 Arson
21:15 Fletching
21:30 Scale Mail Armor
24:14 Heavy Plow
25:46 Bow Saw
31:42 Imperial Age
29:36 Town Watch
30:02 Squires
30:59 Bodkin Arrow
31:07 Padded Archer Armor
32:01 Chain Mail Armor
31:59 Forging
33:08 Wheelbarrow
32:56 Leather Archer Armor
33:20 Bracer
33:53 Herbal Medicine
35:05 Ring Archer Armor
35:10 Conscription
35:27 Thumb Ring
36:16 Masonry
38:20 Chemistry
37:53 Ballistics
37:42 Murder Holes
38:21 Plate Mail Armor
38:32 Iron Casting
40:15 Blast Furnace
40:06 Hoardings
40:50 Eagle Warrior
42:18 Holcans
41:46 Pikeman
45:51 Halberdier
47:07 Town Patrol
50:19 Elite Plumed Archer
50:36 Elite Eagle Warrior
karlL
8:15 Loom
10:52 Feudal Age
11:38 Double-Bit Axe
11:35 Horse Collar
17:42 Wheelbarrow
21:19 Castle Age
19:24 Gold Mining
22:28 Bow Saw
24:16 Hand Cart
25:12 Town Watch
27:57 Gold Shaft Mining
27:25 Heavy Plow
30:58 Sanctity
32:39 Bloodlines
33:32 Husbandry
33:55 Stone Mining
36:37 Imperial Age
34:50 Ballistics
34:40 Masonry
35:47 Corvinian Army
35:17 Light Cavalry
36:15 Murder Holes
36:01 Treadmill Crane
38:17 Scale Barding Armor
38:42 Parthian Tactics
38:23 Thumb Ring
37:41 Cavalier
39:46 Two-Man Saw
39:16 Crop Rotation
38:54 Siege Engineers
39:50 Chemistry
39:18 Chain Barding Armor
40:39 Plate Barding Armor
40:25 Conscription
39:59 Fletching
40:06 Paladin
40:42 Hussar
42:28 Scale Mail Armor
42:23 Bodkin Arrow
43:26 Hoardings
53:03 Elite Magyar Huszar
Connection lost

Rejoining the realm…

Still unreachable

The connection could not be restored.

Session expired

The server has moved on; the page needs a fresh start.